 Dungeon Sprint DCSS version 0.26-a0-653-g6669bab64c (webtiles) character file.

Game seed: 4940025586487761101

523068 mhtbhm the Minotaur Barricade (level 21, -14/224 HPs)
             Began as a Minotaur Fighter on Oct 4, 2020.
             Was the Champion of Makhleb.
             Demolished by Lom Lobon (22 damage)
             ... in the Dungeon (Sprint IX: "|||||||||||||||||||||||||||||").
             The game lasted 00:29:14 (10668 turns).

mhtbhm the Minotaur Barricade (Minotaur Fighter)   Turns: 10668, Time: 00:29:15

Health: -14/224    AC: 53    Str: 38    XL:     21   Next: 51%
Magic:  40/40      EV: 21    Int:  7    God:    Makhleb [******]
Gold:   970        SH: 37    Dex: 11    Spells: 53/53 levels left

rFire    + + +     SeeInvis .   n - +9 scimitar (holy)
rCold    + . .     Faith    .   c - +3 tower shield "Jishoan" {rF+ Str+6}
rNeg     . . .     Spirit   .   b - +9 gold dragon scales
rPois    +         Reflect  +   (helmet restricted)
rElec    +         Harm     .   w - +0 cloak
rCorr    .         Rampage  .   p - +2 pair of gloves
MR       ++...     NoTele   +   o - +1 pair of boots
Stlth    +.........             L - amulet "Quuz" {Reflect rF+ Slay+2 SH+5}
HPRegen  0.47/turn              B - ring of Robustness {AC+8}
MPRegen  0.27/turn              K - ring "Yjo Qiub" {rElec MR+ Stlth+}

@: frozen, very slow
A: retaliatory headbutt, horns 2, clever 1, strong 1
}: 9/17 runes: decaying, serpentine, barnacled, slimy, elven, silver, golden,
abyssal, gossamer
a: Minor Destruction, Lesser Servant of Makhleb, Major Destruction, Greater
Servant of Makhleb, Renounce Religion


You were in the Dungeon.
You worshipped Makhleb.
Makhleb was exalted by your worship.
You visited 1 branch You collected 1984 gold pieces.
You spent 1014 gold pieces at shops.

Inventory:

Hand Weapons
 a - the +5 double sword "Vuxaczu Rauk" {vamp, Int+5}
   (You found it in the Dungeon)

   It inflicts no extra harm, but heals its wielder when it wounds a living foe.
   It affects your intelligence (+5).
 d - a +6 vorpal double sword
 n - a +9 scimitar of holy wrath (weapon)
Missiles
 q - 30 javelins (quivered)
 x - 9 curare-tipped darts
Armour
 b - +9 gold dragon scales (worn)
 c - the +3 tower shield "Jishoan" (worn) {rF+ Str+6}
   (You took it off Mennas in the Dungeon)

   It affects your strength (+6).
   It protects you from fire.
 o - a +1 pair of boots (worn)
 p - a +2 pair of gloves (worn)
 w - a +0 cloak (worn)
Jewellery
 B - the ring of Robustness (left hand) {AC+8}
   (You found it in the Dungeon)

   [ring of protection]

   It affects your AC (+8).
 J - the amulet "Pibruymp" {Reflect Int+3 SH+5}
   (You found it in the Dungeon)

   [amulet of reflection]

   It shields you and reflects attacks.
   It affects your intelligence (+3).
   It affects your SH (+5).
 K - the ring "Yjo Qiub" (right hand) {rElec MR+ Stlth+}
   (You found it in the Dungeon)

   [ring of protection from magic]

   It insulates you from electricity.
   It affects your resistance to hostile enchantments.
   It makes you more stealthy.
 L - the amulet "Quuz" (around neck) {Reflect rF+ Slay+2 SH+5}
   (You found it in the Dungeon)

   [amulet of reflection]

   It shields you and reflects attacks.
   It affects your accuracy and damage with ranged weapons and melee attacks
   (+2).
   It protects you from fire.
   It affects your SH (+5).
 M - the amulet "Soraywn" {Reflect Str+5 Int-4 SH+5 SInv}
   (You found it in the Dungeon)

   [amulet of reflection]

   It shields you and reflects attacks.
   It affects your strength (+5).
   It affects your intelligence (-4).
   It lets you see invisible.
   It affects your SH (+5).
Wands
 v - a wand of flame (14)
Scrolls
 j - 2 scrolls of blinking
 l - 10 scrolls of remove curse
 m - 3 scrolls of amnesia
 s - 3 scrolls of identify
 t - 2 scrolls of fear
 z - 7 scrolls of fog
Potions
 e - 8 potions of curing
 f - 6 potions of heal wounds
 g - 7 potions of haste
 h - 9 potions of magic
 i - 4 potions of brilliance
 k - a potion of invisibility
 C - 3 potions of stabbing
 F - a potion of mutation
 H - a potion of flight
Miscellaneous
 r - the horn of Geryon
 y - a lightning rod (4/4)


   Skills:
 O Level 27 Fighting
 O Level 27 Long Blades
 O Level 27 Throwing
 O Level 27 Armour
 O Level 27 Dodging
 + Level 21.1 Stealth
 O Level 27 Shields
 + Level 23.5 Unarmed Combat
 + Level 16.5 Spellcasting
 + Level 22.0 Invocations
 O Level 27 Evocations


You had 53 spell levels left.
You didn't know any spells.
Your spell library contained the following spells:

 Spells                   Type           Power        Failure   Level
 Irradiate                Conj/Tmut      #.........   100%        5
 Hydra Form               Tmut           #.........   100%        6
 Statue Form              Tmut/Erth      #........    100%        6
 Dragon Form              Tmut           #.........   100%        7


Dungeon Overview and Level Annotations

Branches:
Dungeon (1/1)

Altars:
Cheibriados
Dithmenos
Elyvilon
Fedhas
Gozag
Hepliaklqana
Kikubaaqudgha
Makhleb
Nemelex Xobeh
Okawaru
Qazlal
Ru
Sif Muna
Trog
Uskayaw
Vehumet
Wu Jian
Xom
Yredelemnul
Zin
The Shining One
Beogh
Jiyva
Lugonu

Shops:
D *?}:

Annotations:
D Cerebov, Dispater, Ereshkigal, Lom Lobon


Innate Abilities, Weirdness & Mutations

You reflexively headbutt those who attack you in melee.
You have a pair of horns on your head.
Your mind is acute. (Int +2)
Your muscles are strong. (Str +2)


Message History

The blast of lightning engulfs Lom Lobon.
Lom Lobon completely resists.
The blast of lightning engulfs the ball lightning.
The ball lightning completely resists.
The blast of lightning engulfs you but does no damage.
The ball lightning explodes!
The blast of lightning engulfs you. You resist.
* * * LOW HITPOINT WARNING * * *
The blast of lightning engulfs Lom Lobon.
Lom Lobon completely resists.
Unknown command.
You slice Lom Lobon!!
Lom Lobon convulses!!
Lom Lobon is almost dead.
You are engulfed in freezing vapours.
You resist.
The ball lightning explodes!
The blast of lightning engulfs Lom Lobon.
Lom Lobon completely resists.
The blast of lightning engulfs you but does no damage.
Lom Lobon hits you!!
You die...

▓.......&§§§§§§.......
▓.▓▓▓▓▓▓▓▓▓▓▓▓▓▓▓▓▓▓▓▓
▓.....................
▓▓▓▓▓▓▓▓▓▓▓▓▓▓▓▓▓▓▓▓▓▓
▓.....'....§&......'..
▓.▓▓▓▓▓▓▓▓▓▓▓▓▓▓▓▓▓▓▓▓
▓.....................
▓▓▓▓▓▓▓▓▓▓▓▓▓▓▓▓♣♣♣♣♣♣
▓☼).§@&.).).....).....
▓☼▓▓▓▓▓▓▓▓▓▓▓▓▓▓♣♣♣♣♣♣
▓.....................
▓▓▓▓▓▓▓▓▓▓▓▓▓▓▓▓▓▓▓▓▓▓
▓.........'..........'
▓.▓▓▓▓▓▓▓▓▓▓▓▓▓▓▓▓▓▓▓▓
▓.....................
▓▓▓▓▓▓▓▓▓▓▓▓▓▓▓▓▓▓▓▓▓▓
▓...†))(.[....)))))...


You could see Lom Lobon (gusty).

Vanquished Creatures
  the Royal Jelly (D)
  Mnoleg (D)
  2 orbs of fire (D)
  5 ancient liches (D)
  Mennas (D)
  Sojobo (D)
  4 greater mummies (D)
  Frederick (D)
  Geryon (D)
  A curse toe (D)
  2 golden dragons (D)
  Nikola (D)
  2 electric golems (D)
  6 tentacled monstrosities (D)
  26 Orb Guardians (D)
  2 deep elf blademasters (D)
  13 acid blobs (D)
  2 deep elf master archers (D)
  4 liches (D)
  4 death cobs (D)
  A tentacled starspawn (D)
  2 draconian monks (D)
  12 sphinxes (D)
  4 tengu reavers (D)
  7 shadow dragons (D)
  Ilsuiw (D)
  2 fire giants (D)
  4 storm dragons (D)
  7 azure jellies (D)
  An iron dragon (D)
  8 nagarajas (D)
  Louise (D)
  2 ghost moths (D)
  3 frost giants (D)
  6 vault wardens (D)
  4 ironheart preservers (D)
  A draconian scorcher (D)
  5 emperor scorpions (D)
  A draconian shifter (D)
  A spriggan defender (D)
  A draconian stormcaller (D)
  2 very ugly things (D)
  2 draconian annihilators (D)
  4 stone giants (D)
  9 vampire knights (D)
  4 deep elf demonologists (D)
  6 white draconians (D)
  A green draconian (D)
  5 black draconians (D)
  3 yellow draconians (D)
  A red draconian (D)
  2 purple draconians (D)
  2 deep elf annihilators (D)
  2 merfolk javelineers (D)
  2 ettins (D)
  3 dire elephants (D)
  2 deep elf death magi (D)
  6 mummy priests (D)
  2 death oozes (D)
  Josephine (D)
  5 merfolk impalers (D)
  4 fire dragons (D)
  3 yaktaur captains (D)
  2 deep elf high priests (D)
  25 vault guards (D)
  2 naga warriors (D)
  A shambling mangrove (D)
  A spriggan air mage (D)
  2 ice dragons (D)
  2 ghost crabs (D)
  4 hydras (D)
  3 centaur warriors (D)
  An anaconda (D)
  9 ogre magi (D)
  5 merfolk aquamancers (D)
  4 vampire magi (D)
  A tengu warrior (D)
  2 deep troll earth magi (D)
  A spriggan berserker (D)
  Urug (D)
  A naga sharpshooter (D)
  A shock serpent (D)
  A wretched star (D)
  Nergalle (D)
  Sonja (D)
  A sixfirhy (D)
  A glowing orange brain (D)
  2 iron trolls (D)
  2 unseen horrors (D)
  3 deep trolls (D)
  A flayed ghost (D)
  A large abomination (D)
  4 ironbrand convokers (D)
  5 orc knights (D)
  5 swamp dragons (D)
  A mana viper (D)
  A phantasmal warrior (D)
  An ugly thing (D)
  A merfolk siren (D)
  3 manticores (D)
  5 wolf spiders (D)
  A black mamba (D)
  6 elephants (D)
  4 guardian serpents (D)
  A vault sentinel (D)
  15 moths of wrath (D)
  2 naga magi (D)
  An apocalypse crab (D)
  A rime drake (D)
  A komodo dragon (D)
  A kobold demonologist (D)
  3 yaktaurs (D)
  2 demonic crawlers (D)
  A komodo dragon (shapeshifter) (D)
  2 jumping spiders (D)
  2 merfolk (D)
  18 guardian mummies (D)
  A wandering mushroom (D)
  A freezing wraith (D)
  A meliai (shapeshifter) (D)
  6 trolls (D)
  A hornet (D)
  2 slime creatures (D)
  A hippogriff (D)
  A snapping turtle (D)
  A wind drake (D)
  2 tarantellas (D)
  A ynoxinul (D)
  2 redbacks (D)
  2 shadows (D)
  A vampire (D)
  12 spriggans (D)
  A yak (D)
  A water elemental (D)
  5 wraiths (D)
  A golden eye (D)
  A chaos spawn (D)
  A naga (D)
  2 acid dragons (D)
  A soldier ant (D)
  A floating eye (D)
  3 water moccasins (D)
  4 porcupines (D)
  A hell hound (D)
  3 swamp drakes (D)
  An ice beast (D)
  12 orc warriors (D)
  An eye of draining (D)
  A wolf (D)
  An ogre (D)
  A tengu (shapeshifter) (D)
  3 crocodiles (D)
  A small abomination (D)
  A bullfrog (D)
  2 wights (D)
  5 orc priests (D)
  A jelly (D)
  2 orc wizards (D)
  A gnoll (D)
  An adder (D)
  An adder skeleton (D)
  6 orcs (D)
  A bat (D)
  A bat zombie (D)
  A kobold (D)
  2 frilled lizards (D)
  2 goblins (D)
  A jackal skeleton (D)
  A leopard gecko zombie (D)
  A quokka zombie (D)
  A rat (D)
506 creatures vanquished.

Vanquished Creatures (others)
  A draconian shifter (D)
  2 hydras (D)
  An alligator (D)
  A swamp dragon (D)
  An unseen horror (D)
  A black mamba (D)
  A swamp drake (D)
  12 ball lightnings (D)
20 creatures vanquished.

Grand Total: 526 creatures vanquished

Notes
Turn   | Place    | Note
-------+----------+-------------------------------------------
     0 | D        | mhtbhm the Minotaur Fighter began the quest for the Orb.
     0 | D        | Reached XP level 1. HP: 19/19 MP: 0/0
    58 | D        | Reached XP level 2. HP: 28/28 MP: 1/1
    69 | D        | Found a roughly hewn altar of Beogh.
    69 | D        | Found a snail-covered altar of Cheibriados.
    69 | D        | Found a shadowy altar of Dithmenos.
    69 | D        | Found a white marble altar of Elyvilon.
    69 | D        | Found a blossoming altar of Fedhas.
    69 | D        | Found an opulent altar of Gozag.
    70 | D        | Found a hazy altar of Hepliaklqana.
    71 | D        | Found a viscous altar of Jiyva.
    72 | D        | Found an ancient bone altar of Kikubaaqudgha.
    73 | D        | Found a corrupted altar of Lugonu.
    74 | D        | Found a burning altar of Makhleb.
    75 | D        | Found a sparkling altar of Nemelex Xobeh.
    76 | D        | Found an iron altar of Okawaru.
    77 | D        | Found a stormy altar of Qazlal.
    78 | D        | Found a sacrificial altar of Ru.
    79 | D        | Found a shimmering blue altar of Sif Muna.
    80 | D        | Found a bloodstained altar of Trog.
    81 | D        | Found a hide-covered altar of Uskayaw.
    82 | D        | Became a worshipper of Makhleb the Destroyer
    83 | D        | Found a radiant altar of Vehumet.
    84 | D        | Found an ornate altar of the Wu Jian Council.
    85 | D        | Found a shimmering altar of Xom.
    86 | D        | Found a basalt altar of Yredelemnul.
    87 | D        | Found a glowing silver altar of Zin.
    88 | D        | Found a glowing golden altar of the Shining One.
   139 | D        | Noticed a vampire
   139 | D        | Noticed a hippogriff
   139 | D        | Noticed an ogre
   143 | D        | Reached skill level 5 in Fighting
   143 | D        | Reached skill level 5 in Armour
   144 | D        | Killed a vampire
   144 | D        | Reached XP level 3. HP: 40/40 MP: 2/2
   144 | D        | Reached XP level 4. HP: 48/48 MP: 3/3
   144 | D        | Reached XP level 5. HP: 53/53 MP: 4/4
   151 | D        | Killed a hippogriff
   151 | D        | Reached * piety under Makhleb
   151 | D        | Reached skill level 1 in Dodging
   151 | D        | Reached XP level 6. HP: 64/64 MP: 5/5
   159 | D        | Reached ** piety under Makhleb
   159 | D        | Reached skill level 10 in Fighting
   287 | D        | Noticed a soldier ant
   287 | D        | Noticed an ice beast
   295 | D        | Killed a soldier ant
   295 | D        | Reached skill level 10 in Armour
   295 | D        | Reached XP level 7. HP: 73/73 MP: 6/6
   300 | D        | Reached *** piety under Makhleb
   303 | D        | Reached skill level 10 in Long Blades
   398 | D        | Gained mutation: Your mind is acute. (Int +2) [potion of
                  | mutation]
   398 | D        | Gained mutation: Your muscles are strong. (Str +2) [potion
                  | of mutation]
   419 | D        | Noticed a black mamba
   429 | D        | Killed a black mamba
   429 | D        | Reached skill level 10 in Shields
   429 | D        | Reached XP level 8. HP: 56/82 MP: 7/7
   436 | D        | Reached **** piety under Makhleb
   452 | D        | Reached ***** piety under Makhleb
   592 | D        | Noticed a komodo dragon
   592 | D        | Noticed a rime drake
   592 | D        | Noticed an elephant
   602 | D        | Noticed a seven-headed hydra
   607 | D        | Reached XP level 9. HP: 90/90 MP: 8/8
   614 | D        | Killed a komodo dragon
   617 | D        | Killed a rime drake
   617 | D        | Reached skill level 1 in Stealth
   623 | D        | Killed an elephant
   984 | D        | Reached skill level 15 in Long Blades
   995 | D        | Reached ****** piety under Makhleb
  1032 | D        | Killed an 18-headed hydra
  1340 | D        | Noticed an elephant
  1340 | D        | Noticed a dire elephant
  1340 | D        | Noticed an elephant
  1340 | D        | Noticed a dire elephant
  1340 | D        | Noticed an elephant
  1340 | D        | Noticed a dire elephant
  1345 | D        | Noticed an elephant
  1354 | D        | Killed a dire elephant
  1354 | D        | Reached XP level 10. HP: 81/102 MP: 9/9
  1355 | D        | Noticed an elephant
  1359 | D        | Killed an elephant
  1369 | D        | Killed a dire elephant
  1383 | D        | Killed a dire elephant
  1383 | D        | Reached skill level 15 in Fighting
  1388 | D        | Killed an elephant
  1391 | D        | Killed an elephant
  1400 | D        | Killed an elephant
  1400 | D        | Reached XP level 11. HP: 83/113 MP: 10/10
  1406 | D        | Reached skill level 15 in Armour
  1406 | D        | Reached skill level 15 in Shields
  1506 | D        | Noticed Sonja
  1516 | D        | Killed Sonja
  1725 | D        | Noticed Josephine
  1748 | D        | Killed Josephine
  1750 | D        | Reached skill level 1 in Evocations
  1810 | D        | Noticed an orc knight
  1824 | D        | Killed an orc knight
  2098 | D        | Noticed an orc knight
  2112 | D        | Killed an orc knight
  2276 | D        | Found Lakkaany's Assorted Antiques.
  2276 | D        | Noticed a deep troll
  2276 | D        | Noticed a deep troll
  2276 | D        | Noticed an ogre mage
  2276 | D        | Noticed a deep troll
  2284 | D        | Killed a deep troll
  2292 | D        | Killed a deep troll
  2311 | D        | Killed a deep troll
  2320 | D        | Killed an ogre mage
  2451 | D        | Found Birphis's Magic Scroll Shoppe.
  2455 | D        | Found Hoala's Gadget Emporium.
  2464 | D        | Noticed an iron troll
  2471 | D        | Reached XP level 12. HP: 127/127 MP: 11/11
  2480 | D        | Noticed an ogre mage
  2509 | D        | Found Fojid's Book Shoppe.
  2520 | D        | Killed an ogre mage
  2536 | D        | Noticed an ogre mage
  2536 | D        | Paralysed by an ogre mage for 5 turns
  2549 | D        | Paralysed by an ogre mage for 5 turns
  2555 | D        | Killed an ogre mage
  2600 | D        | Bought a lightning rod (4/4) for 400 gold pieces
  2602 | D        | Bought a scroll of enchant weapon for 97 gold pieces
  2602 | D        | Bought a scroll of identify for 26 gold pieces
  2602 | D        | Bought a scroll of fog for 26 gold pieces
  2602 | D        | Bought a scroll of fog for 26 gold pieces
  2602 | D        | Bought a scroll of fog for 26 gold pieces
  2602 | D        | Bought a scroll of enchant armour for 97 gold pieces
  2604 | D        | Bought an agate ring for 145 gold pieces
  2604 | D        | Bought a scroll of fog for 58 gold pieces
  2604 | D        | Bought a scroll of fog for 58 gold pieces
  2604 | D        | Bought a scroll labeled FEQABO BEGIN for 29 gold pieces
  2606 | D        | Bought a scroll of identify for 26 gold pieces
  2845 | D        | Noticed an ogre mage
  2850 | D        | Noticed a centaur warrior
  2854 | D        | Noticed a fire dragon
  2859 | D        | Noticed a frost giant
  2870 | D        | Killed an ogre mage
  2872 | D        | Noticed a stone giant
  2873 | D        | Noticed an ettin
  2874 | D        | Killed a centaur warrior
  2880 | D        | Noticed an ogre mage
  2885 | D        | Killed a fire dragon
  2892 | D        | Killed a frost giant
  2896 | D        | Killed a stone giant
  2897 | D        | Noticed a deep troll earth mage
  2898 | D        | Killed an ettin
  2900 | D        | Killed an ogre mage
  2900 | D        | Reached skill level 5 in Dodging
  2909 | D        | Killed a deep troll earth mage
  3152 | D        | Reached XP level 13. HP: 104/139 MP: 12/12
  3289 | D        | Noticed a nagaraja
  3316 | D        | Killed a nagaraja
  3796 | D        | Noticed Urug
  3817 | D        | Killed Urug
  4049 | D        | Noticed Nergalle
  4061 | D        | Killed Nergalle
  4095 | D        | Noticed a spriggan defender
  4105 | D        | Reached skill level 1 in Throwing
  4108 | D        | Noticed a fire dragon
  4111 | D        | Killed a spriggan defender
  4113 | D        | Reached skill level 10 in Dodging
  4113 | D        | Noticed a stone giant
  4122 | D        | Killed a fire dragon
  4126 | D        | Noticed an ettin
  4127 | D        | Reached skill level 5 in Evocations
  4129 | D        | Noticed a brown very ugly thing
  4132 | D        | Noticed a stone giant
  4142 | D        | Killed a stone giant
  4142 | D        | Reached XP level 14. HP: 105/151 MP: 13/13
  4152 | D        | Killed a brown very ugly thing
  4160 | D        | Killed a stone giant
  4376 | D        | Noticed a vault warden
  4379 | D        | Noticed a vault warden
  4386 | D        | Noticed a vault warden
  4390 | D        | Noticed a fire giant
  4396 | D        | Killed a vault warden
  4396 | D        | Killed a vault warden
  4403 | D        | Killed a vault warden
  4403 | D        | Reached skill level 5 in Throwing
  4407 | D        | Killed a fire giant
  4412 | D        | Noticed an ironheart preserver
  4412 | D        | Noticed a fire giant
  4416 | D        | Noticed a tengu reaver
  4422 | D        | Killed an ironheart preserver
  4423 | D        | Noticed a vault warden
  4430 | D        | Killed a fire giant
  4451 | D        | Killed a tengu reaver
  4459 | D        | Killed a vault warden
  4646 | D        | Noticed Louise
  4660 | D        | Killed Louise
  4918 | D        | Noticed Ilsuiw
  4938 | D        | Killed Ilsuiw
  4941 | D        | Reached XP level 15. HP: 166/166 MP: 14/14
  4981 | D        | Got a barnacled rune of Zot
  5023 | D        | Noticed a nagaraja
  5023 | D        | Noticed a nagaraja
  5023 | D        | Noticed a nagaraja
  5023 | D        | Noticed a nagaraja
  5028 | D        | Noticed a nagaraja
  5031 | D        | Killed a nagaraja
  5033 | D        | Noticed a nagaraja
  5035 | D        | Killed a nagaraja
  5042 | D        | Killed a nagaraja
  5044 | D        | Noticed a nagaraja
  5046 | D        | Killed a nagaraja
  5052 | D        | Killed a nagaraja
  5054 | D        | Killed a nagaraja
  5060 | D        | Killed a nagaraja
  5089 | D        | Got a serpentine rune of Zot
  5235 | D        | Reached skill level 10 in Throwing
  5258 | D        | Got a decaying rune of Zot
  5283 | D        | Killed a ghost moth
  5284 | D        | Killed a ghost moth
  5284 | D        | Reached skill level 27 in Shields
  5285 | D        | Reached skill level 15 in Dodging
  5339 | D        | Got a gossamer rune of Zot
  5346 | D        | Noticed Sojobo
  5410 | D        | Killed Sojobo
  5735 | D        | Noticed a tengu reaver
  5756 | D        | Killed a tengu reaver
  5756 | D        | Reached XP level 16. HP: 72/179 MP: 15/15
  6067 | D        | Noticed a tengu reaver
  6074 | D        | Identified the +3 tower shield "Jishoan" {rF+ Str+6}
  6074 | D        | Noticed Mennas
  6078 | D        | Killed a tengu reaver
  6105 | D        | Killed Mennas
  6478 | D        | Reached skill level 27 in Fighting
  6574 | D        | Noticed a lich
  6578 | D        | Killed a lich
  6592 | D        | Noticed a shadow dragon
  6597 | D        | Noticed a shadow dragon
  6604 | D        | Reached skill level 27 in Long Blades
  6610 | D        | Killed a shadow dragon
  6618 | D        | Killed a shadow dragon
  6618 | D        | Reached skill level 5 in Stealth
  6771 | D        | Noticed a shadow dragon
  6771 | D        | Noticed a tentacled monstrosity
  6771 | D        | Noticed a tentacled monstrosity
  6771 | D        | Noticed a shadow dragon
  6772 | D        | Found the ring of Robustness {AC+8}
  6777 | D        | Noticed a lich
  6778 | D        | Noticed a shadow dragon
  6779 | D        | Killed a tentacled monstrosity
  6779 | D        | Reached skill level 15 in Throwing
  6779 | D        | Killed a shadow dragon
  6781 | D        | Killed a tentacled monstrosity
  6781 | D        | Reached XP level 17. HP: 191/191 MP: 16/16
  6781 | D        | Killed a lich
  6782 | D        | Noticed a golden dragon
  6803 | D        | Killed a golden dragon
  6846 | D        | Got a silver rune of Zot
  6919 | D        | Noticed Nikola
  6927 | D        | Killed Nikola
  7106 | D        | Got the ring of Rodd {AC+4 Int+4 SInv}
  7108 | D        | Got the amulet "Pibruymp" {Reflect Int+3 SH+5}
  7110 | D        | Got the ring "Yjo Qiub" {rElec MR+ Stlth+}
  7112 | D        | Got the amulet "Quuz" {Reflect rF+ Slay+2 SH+5}
  7114 | D        | Got the amulet "Soraywn" {Reflect Str+5 Int-4 SH+5 SInv}
  7131 | D        | Got the +5 double sword "Vuxaczu Rauk" {vamp, Int+5}
  7257 | D        | Noticed Frederick
  7276 | D        | Killed Frederick
  7451 | D        | Noticed a tentacled monstrosity
  7453 | D        | Noticed a tentacled monstrosity
  7466 | D        | Killed a tentacled monstrosity
  7475 | D        | Killed a tentacled monstrosity
  7546 | D        | Reached XP level 18. HP: 182/200 MP: 17/17
  7546 | D        | Noticed a tentacled monstrosity
  7547 | D        | Reached skill level 27 in Dodging
  7552 | D        | Killed a tentacled monstrosity
  7728 | D        | Noticed an Orb Guardian
  7728 | D        | Noticed an Orb Guardian
  7728 | D        | Noticed an Orb Guardian
  7728 | D        | Noticed an Orb Guardian
  7728 | D        | Noticed an Orb Guardian
  7728 | D        | Noticed an Orb Guardian
  7731 | D        | Killed an Orb Guardian
  7731 | D        | Noticed an Orb Guardian
  7733 | D        | Killed an Orb Guardian
  7739 | D        | Killed an Orb Guardian
  7740 | D        | Killed an Orb Guardian
  7748 | D        | Killed an Orb Guardian
  7748 | D        | Noticed an Orb Guardian
  7752 | D        | Killed an Orb Guardian
  7752 | D        | Noticed an Orb Guardian
  7756 | D        | Killed an Orb Guardian
  7756 | D        | Reached skill level 27 in Throwing
  7764 | D        | Killed an Orb Guardian
  7771 | D        | Killed an Orb Guardian
  7773 | D        | Noticed an Orb Guardian
  7777 | D        | Killed an Orb Guardian
  7777 | D        | Reached skill level 27 in Armour
  7784 | D        | Noticed a curse toe
  7784 | D        | Noticed an Orb Guardian
  7784 | D        | Noticed an Orb Guardian
  7784 | D        | Noticed a tentacled monstrosity
  7787 | D        | Reached skill level 1 in Unarmed Combat
  7787 | D        | Reached skill level 1 in Invocations
  7787 | D        | Reached skill level 10 in Evocations
  7787 | D        | Reached skill level 1 in Spellcasting
  7788 | D        | Noticed an Orb Guardian
  7789 | D        | Noticed an Orb Guardian
  7791 | D        | Killed a curse toe
  7797 | D        | Killed an Orb Guardian
  7806 | D        | Killed a tentacled monstrosity
  7806 | D        | Reached skill level 5 in Unarmed Combat
  7806 | D        | Reached skill level 5 in Invocations
  7810 | D        | Killed an Orb Guardian
  7813 | D        | Killed an Orb Guardian
  7817 | D        | Killed an Orb Guardian
  7849 | D        | Noticed an ancient lich
  7856 | D        | Killed an ancient lich
  7856 | D        | Reached skill level 5 in Spellcasting
  7938 | D        | Noticed an orb of fire
  7950 | D        | Killed an orb of fire
  7950 | D        | Reached skill level 10 in Stealth
  7950 | D        | Reached skill level 10 in Unarmed Combat
  7950 | D        | Reached XP level 19. HP: 207/207 MP: 25/27
  7963 | D        | Noticed an electric golem
  7971 | D        | Killed an electric golem
  7977 | D        | Noticed an ancient lich
  7977 | D        | Noticed a golden dragon
  7977 | D        | Noticed an ancient lich
  7977 | D        | Noticed an electric golem
  7979 | D        | Noticed an orb of fire
  7980 | D        | Killed a golden dragon
  7980 | D        | Reached skill level 10 in Invocations
  7983 | D        | Killed an ancient lich
  7984 | D        | Killed an ancient lich
  7985 | D        | Noticed an ancient lich
  7986 | D        | Killed an electric golem
  7986 | D        | Killed an ancient lich
  7986 | D        | Reached skill level 15 in Evocations
  7998 | D        | Killed an orb of fire
  7998 | D        | Reached skill level 10 in Spellcasting
  8020 | D        | Reached skill level 15 in Unarmed Combat
  8025 | D        | Noticed an ancient lich
  8036 | D        | Killed an ancient lich
  8085 | D        | Reached skill level 15 in Stealth
  8085 | D        | Reached skill level 15 in Invocations
  8132 | D        | Reached XP level 20. HP: 216/216 MP: 35/35
  8245 | D        | Paralysed by a vampire knight for 3 turns
  8499 | D        | Got an elven rune of Zot
  8563 | D        | Noticed the Royal Jelly
  8574 | D        | Killed the Royal Jelly
  8671 | D        | Got a slimy rune of Zot
  8790 | D        | Reached XP level 21. HP: 224/224 MP: 38/38
  8800 | D        | Reached skill level 27 in Evocations
  9521 | D        | Noticed a greater mummy
  9521 | D        | Noticed a greater mummy
  9521 | D        | Noticed a greater mummy
  9521 | D        | Noticed a greater mummy
  9530 | D        | Killed a greater mummy
  9530 | D        | Reached skill level 15 in Spellcasting
  9538 | D        | Killed a greater mummy
  9589 | D        | Killed a greater mummy
  9595 | D        | Killed a greater mummy
 10029 | D        | Got a golden rune of Zot
 10162 | D        | Got an abyssal rune of Zot
 10290 | D        | Noticed Geryon
 10301 | D        | Killed Geryon
 10320 | D        | Noticed Lom Lobon
 10320 | D        | Noticed Mnoleg
 10320 | D        | Identified the +6 sword of Cerebov {flame}
 10320 | D        | Noticed Cerebov
 10327 | D        | Noticed Ereshkigal
 10333 | D        | Killed Mnoleg
 10334 | D        | Identified the +4 staff of Dispater
 10334 | D        | Noticed Dispater
 10667 | D        | HP: 10/224 [Lom Lobon] (8)]
 10668 | D        | Demolished by Lom Lobon

Illustrated notes

Levels and vault maps discovered:
D:        linesprint [early_d, line_temple, items_1, d_10, items_2, lair_1,
          lair_end, items_3, orc_1, orc_end, items_4, d_15, swamp_1, shoals_1,
          snake_1, spider_1, d_20, vaults_1, items_5, swamp_end, shoals_end,
          snake_end, spider_end, vaults_end, d_27, items_6, zot_1, zot_end,
          crypt_end, forest_end, elf_end, slime_end, tomb_end, abyss_end,
          pan_hell_end]

Skill      XL: |  1  2  3  4  5  6  7  8  9 10 11 12 13 14 15 16 17 18 19 20 21 |
---------------+----------------------------------------------------------------+-----
Fighting       | 4 7 9 10 11 12 13 15 17 19 21 23 25 27 | 27.0
Armour         | 4 7 9 10 11 13 14 16 17 18 20 23 27 | 27.0
Shields        | 4 7 8 9 10 11 13 14 17 19 22 24 27 | 27.0
Long Blades    | 6 8 9 11 13 15 16 17 19 20 22 24 27 | 27.0
Dodging        | 1 2 3 5 10 13 16 22 26 27 | 27.0
Stealth        | 1 2 3 4 5 6 10 16 18 21 | 21.1
Evocations     | 2 3 5 8 9 12 17 26 27 | 27.0
Throwing       | 2 8 12 15 22 27 | 27.0
Unarmed Combat | 10 17 20 23 | 23.5
Invocations    | 9 16 19 22 | 22.0
Spellcasting   | 6 12 14 16 | 16.5

Action                   |  1- 3 |  4- 6 |  7- 9 | 10-12 | 13-15 | 16-18 | 19-21 || total
-------------------------+-------+-------+-------+-------+-------+-------+-------++-------
Melee: Long sword        |    22 |       |       |       |       |       |       ||    22
       Headbutt          |     2 |     5 |    39 |    96 |   135 |   144 |   116 ||   537
       Scimitar          |     3 |    19 |   128 |   326 |   304 |       |   174 ||   954
       Demon blade       |       |       |       |       |   194 |   211 |       ||   405
       Double sword      |       |       |       |       |       |   236 |   197 ||   433
Throw: Javelin           |       |       |       |       |    44 |    53 |    48 ||   145
       Dart              |       |       |       |       |     3 |       |       ||     3
Evoke: Wand              |       |       |       |    10 |       |       |       ||    10
       Lightning rod     |       |       |       |     3 |    24 |       |     2 ||    29
  Use: Potion            |     1 |       |     2 |     1 |       |     1 |     4 ||     9
       Scroll            |       |       |     1 |       |     1 |    20 |     3 ||    25
Armor: Scale mail        |     7 |       |       |       |       |       |       ||     7
       Plate armour      |     1 |    10 |    56 |    62 |       |       |       ||   129
       Swamp dragon scal |       |       |       |    33 |   108 |    19 |       ||   160
       Gold dragon scale |       |       |       |       |       |    25 |    75 ||   100
Dodge: Dodged            |     6 |     6 |    33 |    71 |   166 |    62 |    47 ||   391
Block: Kite shield       |     8 |     9 |    71 |   183 |   172 |       |       ||   443
       Tower shield      |       |       |       |       |   221 |   336 |   280 ||   837
       Reflection        |       |       |       |       |       |     3 |     7 ||    10
       Rpst.: Long sword |     2 |       |       |       |       |       |       ||     2
       Scimitar          |       |       |     6 |    11 |    18 |       |     2 ||    37
       Demon blade       |       |       |       |       |     7 |     2 |       ||     9
       Double sword      |       |       |       |       |       |     5 |     8 ||    13

Table legend: (Time is in decaauts) A = Elapsed time spent in this place. B = Non-inter-level travel time spent in this place. C = Inter-level travel time spent in this place. D = Time resting spent in this place. E = Time spent auto-exploring this place. F = Levels seen in this place. G = Mean time per level. A B C D E F G +--------+--------+--------+--------+--------+-----+--------+ Total | 10150 | 10150 | 0 | 4933 | 625 | 1 | 10150.0 | Dungeon | 10150 | 10150 | 0 | 4933 | 625 | 1 | 10150.0 | +--------+--------+--------+--------+--------+-----+--------+

Top non-repeatable levels by time:
       D: 10150 daAuts
